 Dungeon Crawl Stone Soup version 0.29.1-15-g9cfb28693d (webtiles) character file.

Game seed: 13831315481324391403

0 ChiefBigBeans the Ducker (level 1, -2/16 HPs)
             Began as a Merfolk Gladiator on Feb 23, 2023.
             Slain by a hobgoblin (4 damage)
             ... on level 1 of the Dungeon.
             The game lasted 00:00:34 (65 turns).

ChiefBigBeans the Ducker (Merfolk Gladiator)          Turns: 65, Time: 00:00:35

Health: -2/16      AC:  4    Str: 14    XL:     1   Next: 10%
Magic:  1/1        EV: 13    Int:  7    God:
Gold:   12         SH:  0    Dex: 15    Spells: 0/0 levels left

rFire   . . .      SeeInvis .   a - +0 trident
rCold   . . .      Faith    .   (no shield)
rNeg    . . .      Spirit   .   b - +0 leather armour
rPois   .          Reflect  .   c - +0 helmet
rElec   .          Harm     .   (no cloak)
rCorr   .          Rampage  .   (no gloves)
Will    .....                   (no boots)
Stlth   +.........              (no amulet)
HPRegen 0.05/turn               (no ring)
MPRegen 0.07/turn               (no ring)

@: no status effects
A: (nimble swimmer 2), mertail
a: no special abilities


You were on level 1 of the Dungeon.
You visited 1 branch of the dungeon, and saw 1 of its levels.

You collected 12 gold pieces.

Inventory:

Hand Weapons
 a - a +0 trident (weapon)
Missiles
 d - 3 throwing nets (quivered)
 e - a javelin
Armour
 b - a +0 leather armour (worn)
 c - a +0 helmet (worn)


   Skills:
 + Level 2.2 Fighting
 + Level 4.0 Polearms
 + Level 2.0 Throwing
 + Level 4.0 Dodging


You couldn't memorise any spells.
You didn't know any spells.
Your spell library was empty.

Dungeon Overview and Level Annotations

Branches:
Dungeon (1/15)

Altars:


Innate Abilities, Weirdness & Mutations

((You are very nimble when in or above water. (Stealth+, EV+, Speed+++)))
Your lower body shifts to a powerful aquatic tail in water.


Message History

You see here a rat corpse.
The goblin hits you with a +0 club. The rat bites you.
The hobgoblin barely misses you. The rat bites you but does no damage.
The hobgoblin hits you but does no damage.
The goblin hits you but does no damage. The rat barely misses you.
The goblin hits you with a +0 club.
The hobgoblin hits you but does no damage.
The goblin hits you but does no damage. The rat barely misses you.
The hobgoblin hits you but does no damage.
The goblin hits you with a +0 club.
* * * LOW HITPOINT WARNING * * *
The rat bites you but does no damage.
The hobgoblin hits you but does no damage.
The goblin closely misses you. The rat barely misses you.
The hobgoblin hits you but does no damage.
The rat bites you but does no damage. The hobgoblin hits you.
* * * LOW HITPOINT WARNING * * *
The goblin misses you. The rat barely misses you.
The hobgoblin closely misses you. The goblin hits you but does no damage.
The goblin closely misses you. The rat barely misses you.
The hobgoblin closely misses you. The goblin misses you.
The rat barely misses you. The hobgoblin closely misses you.
The goblin completely misses you. The rat bites you but does no damage.
The hobgoblin closely misses you. The rat closely misses you.
The hobgoblin closely misses you. The goblin closely misses you.
The rat bites you but does no damage. The goblin barely misses you.
The hobgoblin barely misses you. The goblin misses you. The rat misses you.
The hobgoblin hits you but does no damage.
The goblin misses you. The rat misses you. The hobgoblin closely misses you.
The goblin misses you. The rat misses you.
The hobgoblin hits you but does no damage.
The rat bites you.
* * * LOW HITPOINT WARNING * * *
The hobgoblin hits you.
You die...

#. .........## .##
..........## ..#
...........# #.#
...........## #.#
............###.####
.............##....#
......g....#.....#'#
......g@r.#......#.#
...........#######'#####
##...###...#............
### ###.#.###########
..# .......#. .##
.#######.# .. #.......##
.. .###+###.# B..
#.....#.#


You could see a hobgoblin, a goblin and a rat.

Vanquished Creatures
  A rat (D:1)
1 creature vanquished.

Notes
Turn   | Place    | Note
-------+----------+-------------------------------------------
     0 | D:1      | ChiefBigBeans the Merfolk Gladiator began the quest for the
                  | Orb.
     0 | D:1      | Reached XP level 1. HP: 16/16 MP: 1/1
    65 | D:1      | Slain by a hobgoblin

Illustrated notes

Levels and vault maps discovered:
D:1:      matt_arrival_los_fun, layout_rooms, chequers_serial_rivers_room_b,
          chequers_serial_rivers_micro_d

Action                   || total
-------------------------++-------
Melee: Trident           ||     8
Armor: Leather armour    ||    20
Dodge: Dodged            ||    36
